 Dungeon Crawl Stone Soup version 0.25.0-9-g26727b657a (webtiles) character file.

Game seed: 8317188876104470420

725 Matador8 the Caller (level 7, -10/55 HPs)
             Began as a Naga Summoner on June 21, 2020.
             Mangled by an orc warrior
             ... wielding a +0 battleaxe
              (22 damage)
             ... on level 5 of the Dungeon.
             The game lasted 00:33:02 (7477 turns).

Matador8 the Caller (Naga Summoner)                 Turns: 7477, Time: 00:33:04

Health: -10/55     AC:  5    Str: 10    XL:     7   Next: 72%
Magic:  6/11       EV: 10    Int: 18    God:
Gold:   228        SH:  0    Dex: 11    Spells: 5/12 levels left

rFire    . . .     SeeInvis +   n - +2 short sword (drain)
rCold    . . .     Gourm    .   (no shield)
rNeg     . . .     Faith    .   a - +0 robe
rPois    +         Spirit   .   B - +0 helmet
rElec    .         Reflect  .   z - +0 cloak
rCorr    .         Harm     .   (no gloves)
MR       .....                  (no barding)
Stlth    +++.......             (no amulet)
HPRegen  0.18/turn              (no ring)
MPRegen  0.12/turn              (no ring)

@: mighty, very slow
A: large, see invisible, deformed body, poison resistance, slowness 2, slow
metabolism 1, spit poison 1, AC +2
a: Spit Poison


You were on level 5 of the Dungeon.
You were not hungry.

You visited 1 branch of the dungeon, and saw 6 of its levels.

You collected 344 gold pieces.
You spent 116 gold pieces at shops.

Inventory:

Hand Weapons
 b - a +0 scythe
 e - a cursed +0 trident
 n - a +2 short sword of draining (weapon)
 t - a +0 trident
 C - the +5 hand axe of Inachide {elec, +Inv rC+ Str-5 Int+9, unknown}
   (You found it on level 4 of the Dungeon)

   Occasionally, upon striking a foe, it will discharge some electrical energy
   and cause terrible harm.
   It affects your strength (-5).
   It affects your intelligence (+9).
   It protects you from cold.
   It lets you turn invisible.
Armour
 a - a +0 robe (worn)
 u - a +0 leather armour
 w - a cursed +0 leather armour
 y - a scarf of invisibility
 z - a +0 cloak (worn)
 B - a +0 helmet (worn)
 G - the +5 scale mail of Dixkoish {Regen+ rCorr Dex-2, unknown}
   (You found it on level 6 of the Dungeon)

   It affects your dexterity (-2).
   It increases your rate of regeneration.
   It provides partial protection from all sources of acid and corrosion.
Scrolls
 d - 2 scrolls of fear {unknown}
 f - 2 scrolls of fog
 g - a scroll of teleportation
 i - 3 scrolls of enchant armour
 j - 2 scrolls of enchant weapon
 k - 2 scrolls of amnesia {unknown}
 l - a scroll of random uselessness {unknown}
 m - 2 scrolls of remove curse {unknown}
 o - a scroll of noise {unknown}
 A - 4 scrolls of magic mapping
 E - a scroll of immolation {unknown}
 F - a scroll of identify
Potions
 h - a potion of might
 p - a potion of berserk rage {unknown}
 q - 2 potions of stabbing {unknown}
 r - 2 potions of cancellation {unknown}
 s - 2 potions of mutation {unknown}
 v - 2 potions of magic {unknown}
 x - a potion of flight {unknown}
 D - a potion of curing
 H - a potion of brilliance {unknown}
Comestibles
 c - 11 rations


   Skills:
 + Level 4.3 Polearms
 - Level 1.5 Dodging
 - Level 4.7 Stealth
 - Level 3.1 Spellcasting
 - Level 5.0 Summonings
 + Level 4.6 Ice Magic


You had 5 spell levels left.
You knew the following spells:

 Your Spells              Type           Power        Failure   Level  Hunger
a - Summon Small Mammal   Summ           ###.         1%          1    None
b - Call Imp              Summ           ###.....     3%          2    ##.....
c - Summon Ice Beast      Ice/Summ       ###.....     22%         4    ####...

Your spell library contained the following spells:

 Spells                   Type           Power        Failure   Level  Hunger
 Call Canine Familiar     Summ           ###.....     6%          3    ###....
 Summon Guardian Golem    Hex/Summ       ##......     17%         3    ###....
 Summon Lightning Spire   Summ/Air       ##......     50%         4    ####...


Dungeon Overview and Level Annotations

Branches:
Dungeon (6/15)
 Temple: D:4-7

Altars:
Fedhas
Qazlal
The Shining One

Shops:
D:4 [

Annotations:
D:3 1 runed translucent door
D:5 exclusion: oklob plant
D:6 Pikel


Innate Abilities, Weirdness & Mutations

You cannot wear boots.
Your serpentine skin is tough. (AC +2)
You have supernaturally acute eyesight. (SInv)
Armour fits poorly on your strangely shaped body.
Your system is resistant to poisons. (rPois)
You cover ground very slowly.
You have a slow metabolism.
You can spit poison.


Message History

It was a potion of might.
You feel very mighty all of a sudden.
Your white imp gestures at the orc warrior.
The puff of frost hits the orc warrior but does no damage.
You barely miss the orc warrior.
The orc warrior hits you with a +0 battleaxe.
* * * LOW HITPOINT WARNING * * *
The orc priest hits your white imp but does no damage.
You feel better.
Your white imp barely misses the orc priest.
The orc warrior closely misses you.
The orc warrior closely misses your white imp.
The orc priest hits your white imp but does no damage.
Casting: Call Imp (safe; 3% risk of failure)
Confirm with . or Enter, or press ? or * to list all spells.
A beastly little devil appears in a puff of frigid air.
Your white imp hits the orc priest.
Your white imp freezes the orc priest.
The orc priest hits your white imp with a +0 dagger.
The orc warrior hits you with a +0 battleaxe!!
You die...

...≈≈≈≈.###....##########.#
##)
._.≈≈≈≈.....#...........#.#
#.
...≈≈≈≈.#####..)...####.#.#
#. ≈≈≈≈≈≈≈.PP###.####.##
#.#.# #.
≈≈≈≈≈≈..P##.........###.#.#
#(
≈≈≈≈≈..PP####.####..#.....#
#. ≈≈≈≈..P#PP#
#.####..#.###.# #.
.....PPP#.# #.##..>..(# #.#
#< #P.PPPP#.##
#.##@#..#.###.# #.


PPP##PPP#P# #.##o#..#.....# #. PPP.###.#####..55o>o....### #. P.P.# P#
#......###..### #. ##### ## ######## #..# #. #..# ## #..# #..# #..# You could
see an orc warrior, an orc priest and 2 friendly white imps.

Vanquished Creatures
  A sky beast (D:5)
  An ogre (D:5)
  2 scorpions
  A howler monkey (D:4)
  4 worker ants (D:4)
  A gnoll (D:1)
  5 adders
  2 shadow imps (D:5)
  An ooze (D:3)
  An adder zombie (D:5)
  A worm (D:4)
  2 dart slugs
  4 leopard geckos
  An orc (D:3)
  2 bats (D:3)
  5 giant cockroaches
  4 goblins
  6 hobgoblins
  4 jackals
  7 kobolds
  3 quokkas
  2 ball python skeletons (D:4)
  A jackal skeleton (D:6)
  7 rats
68 creatures vanquished.

Vanquished Creatures (collateral kills)
  An ogre (D:3)
  A scorpion (D:4)
  A crimson imp (D:5)
  A jelly (D:6)
  2 hounds
  An iguana (D:5)
  Robin (D:4)
  2 adders (D:2)
  An ooze (D:1)
  2 worms
  2 leopard geckos
  6 orcs
  4 ball pythons
  6 bats
  3 goblins
  4 hobgoblins
  5 jackals
  3 kobolds
  A quokka (D:6)
  6 frilled lizards
  2 rats
55 creatures vanquished.

Vanquished Creatures (others)
  17 toadstools (D:5)
17 creatures vanquished.

Grand Total: 140 creatures vanquished

Notes
Turn   | Place    | Note
-------+----------+-------------------------------------------
     0 | D:1      | Matador8 the Naga Summoner began the quest for the Orb.
     0 | D:1      | Reached XP level 1. HP: 15/15 MP: 3/3
    73 | D:1      | Reached XP level 2. HP: 22/22 MP: 0/5
   633 | D:1      | Learned a level 2 spell: Call Imp
  1177 | D:1      | Reached XP level 3. HP: 20/28 MP: 0/6
  1989 | D:2      | Reached XP level 4. HP: 35/36 MP: 8/8
  3198 | D:3      | Learned a level 4 spell: Summon Ice Beast
  3273 | D:3      | Noticed an ogre
  3285 | D:3      | Killed an ogre
  3285 | D:3      | Reached skill level 5 in Summonings
  3285 | D:3      | Reached skill level 1 in Ice Magic
  3285 | D:3      | Reached XP level 5. HP: 42/42 MP: 5/9
  3976 | D:3      | Found a glowing golden altar of the Shining One.
  3977 | D:3      | Found a runed translucent door.
  3977 | D:3      | Noticed an angel
  4236 | D:4      | Reached skill level 1 in Polearms
  4461 | D:4      | Found Zawiji's Armour Shop.
  4480 | D:4      | Bought a +0 cloak for 58 gold pieces
  4480 | D:4      | Bought a +0 helmet for 58 gold pieces
  4520 | D:4      | Got an encrusted hand axe
  4524 | D:4      | Found a stormy altar of Qazlal.
  4540 | D:4      | Reached XP level 6. HP: 37/49 MP: 10/10
  5379 | D:4      | Noticed Robin
  5393 | D:4      | Killed Robin
  5897 | D:5      | Entered Level 5 of the Dungeon
  6047 | D:5      | Reached XP level 7. HP: 51/55 MP: 11/11
  6889 | D:5      | Found a blossoming altar of Fedhas.
  6902 | D:5      | Noticed an oklob plant
  6986 | D:6      | Noticed Pikel
  7033 | D:6      | Got a slimy scale mail
  7477 | D:5      | Mangled by an orc warrior

Illustrated notes

Levels and vault maps discovered:
D:1:      dpeg_arrival_refuge, layout_basic
D:2:      layout_basic, first_ration
D:3:      layout_loops_ring, lemuel_angel_altar
D:4:      layout_basic, grunt_qazlal_clouds, serial_shops, shop,
          roderic_lattice_a, hangedman_minor_gate_pass, uniq_robin
D:5:      layout_loops_ring, tgw_fedhas
D:6:      layout_cave_pods, ebering_ghost_inner_flame, serial_undead,
          serial_undead_f, serial_undead_b, serial_undead_f, serial_undead_d,
          kennysheep_small_square, uniq_pikel, uniq_prince_ribbit1

Skill      XL: |  1  2  3  4  5  6  7 |
---------------+----------------------+-----
Stealth        | 4 |  4.7
Spellcasting   | 3 |  3.1
Summonings     | 5 |  5.0
Ice Magic      | 1 2 3 4 |  4.6
Polearms       | 1 3 4 |  4.3
Dodging        | |  1.5

Action                   |  1- 3 |  4- 6 |  7- 9 || total
-------------------------+-------+-------+-------++-------
Melee: Short sword       |    53 |   170 |    40 ||   263
 Cast: Summon Small Mamm |    15 |    14 |     1 ||    30
       Call Imp          |     7 |    24 |    18 ||    49
 Abil: Spit Poison       |    11 |    22 |     4 ||    37
  Use: Potion            |     1 |     1 |     3 ||     5
       Scroll            |       |     3 |     4 ||     7
 Stab: Distracted        |     1 |       |       ||     1
       Sleeping          |     2 |     6 |     1 ||     9
  Eat: Chunk             |     3 |     8 |     1 ||    12
       Ration            |       |     1 |     2 ||     3
Armor: Robe              |    10 |    49 |    21 ||    80
Dodge: Dodged            |    47 |   105 |    37 ||   189
